 Dungeon Crawl Stone Soup version 0.18.1-8-gdd0e5ea (webtiles) character file.

47 Neebert the Charmwright (level 3, -11/25 HPs)
             Began as an Octopode Skald on May 29, 2016.
             Mangled by an ogre
             ... wielding a cursed +0 giant club
              (18 damage)
             ... on level 3 of the Dungeon.
             The game lasted 00:08:26 (1164 turns).

Neebert the Charmwright (Octopode Skald)            Turns: 1164, Time: 00:08:27

Health: -11/25     AC:  1    Str: 11    XL:     3   Next: 70%
Magic:  6/6        EV: 12    Int: 14    God:
Gold:   94         SH:  0    Dex: 12    Spells: 1 memorised, 5 levels left

rFire  . . .     SeeInvis .     a - +0 hand axe
rCold  . . .     Gourm    .     (no shield)
rNeg   . . .     Faith    .     (helmet restricted)
rPois  .         Spirit   .     (no amulet)
rElec  .         Dismiss  .     d - ring of sustain attributes
rCorr  .         Reflect  .     (no ring)
SustAt +         Harm     .     (no ring)
MR     .....                    (no ring)
Stlth  ++........               (no ring)
                                (no ring)
                                (no ring)
                                (no ring)

@: not resistant to hostile enchantments, unstealthy
A: almost no armour, amphibious, 8 rings, constrict 8, camouflage 1, gelatinous
body 1
a: no special abilities


You were on level 3 of the Dungeon.
You were hungry.

You visited 1 branch of the dungeon, and saw 3 of its levels.

You collected 94 gold pieces.

Inventory:

Hand Weapons
 a - a +0 hand axe (weapon)
Jewellery
 d - a ring of sustain attributes (left tentacle)
Wands
 m - a wand of digging (8/24)
Scrolls
 e - a scroll of identify {unknown}
 j - 2 scrolls of remove curse
Potions
 f - a potion of haste {unknown}
 g - a potion of beneficial mutation {unknown}
 i - 3 potions of curing {unknown}
 k - a potion of cure mutation {unknown}
Books
 b - a book of Battle

   Spells                             Type                      Level
   a - Infusion                       Charms                       1
   b - Shroud of Golubria             Charms/Translocation         2
   c - Song of Slaying                Charms                       2
   d - Spectral Weapon                Hexes/Charms                 3
   e - Regeneration                   Charms/Necromancy            3
Comestibles
 c - 2 bread rations
 n - 5 fruits


   Skills:
 * Level 2.3 Fighting
 + Level 2.2 Axes
 * Level 2.3 Dodging
 - Level 0.4 Stealth
 + Level 2.1 Spellcasting
 + Level 3.6 Charms


You had 5 spell levels left.
You knew the following spells:

 Your Spells              Type           Power        Failure   Level  Hunger
a - Infusion              Chrm           ##..         6%          1    ##.....


Dungeon Overview and Level Annotations

Branches:
Dungeon (2/15)

Altars:


Innate Abilities, Weirdness & Mutations

You cannot wear most types of armour.
You are amphibious.
You can wear up to eight rings at the same time.
You can use your tentacles to constrict eight enemies at once.
Your skin changes colour to match your surroundings (Stealth).
Your rubbery body absorbs attacks (AC +1).


Message History

You see here a kobold corpse.
An ogre comes into view. It is wielding a giant club.
The ogre shouts!
The ogre misses you.
You hit the ogre. Your squeeze misses the ogre.
The ogre is lightly wounded.
The ogre barely misses you.
You hit the ogre.
The ogre is moderately wounded.
The ogre closely misses you.
You slash the ogre! You squeeze the ogre, but do no damage.
The ogre is heavily wounded.
The ogre hits you with a giant club!
Ouch! That really hurt!
* * * LOW HITPOINT WARNING * * *
You hit the ogre.
The ogre is severely wounded.
The ogre hits you with a giant club!!
Ouch! That really hurt!
You die...

#.#.#.####.##....#
#.#.#+####.##....#
...÷.......##....#
>..........##.[..####
...........##>...#..
....#......##....#.#
....########.......#
.<..# #....O..# ....#
#.###@..# #.#.# #.#
#...#### #.#.#
###.###......# #.#.#
#........#.#.# #.#.#
#.#.#.######.# #
#.#.#.##.#...........
#.#.#.##.###.######.##
..#.#.#....#.#
###.#.#..#.#†#


You could see an ogre.

Vanquished Creatures
  An adder (D:3)
  2 dart slugs
  A ball python (D:3)
  4 bats
  2 giant cockroaches (D:3)
  3 hobgoblins (D:1)
  4 jackals (D:3)
  2 quokkas (D:3)
  2 giant newts
  2 goblins (D:3)
  4 kobolds
  5 rats
32 creatures vanquished.

Notes
Turn   | Place    | Note
--------------------------------------------------------------
     0 | D:1      | Neebert the Octopode Skald began the quest for the Orb.
     0 | D:1      | Reached XP level 1. HP: 14/14 MP: 3/3
   203 | D:1      | Reached XP level 2. HP: 13/19 MP: 5/5
   654 | D:2      | You fall through a shaft!
   686 | D:3      | Reached XP level 3. HP: 24/24 MP: 6/6
  1158 | D:3      | Noticed an ogre
  1164 | D:3      | Mangled by an ogre

Skill      XL: |  1  2  3 |
---------------+----------+-----
Dodging        | 2 |  2.3
Fighting       | |  2.3
Axes           | |  2.2
Stealth        | |  0.4
Spellcasting   | |  2.1
Charms         | |  3.6

Action                   || total
-------------------------++-------
Melee: Hand axe          ||    67
       Constrict         ||    20
       Tentacles         ||     6
 Cast: Infusion          ||     2
  Use: Scroll            ||     1
 Stab: Sleeping          ||     3
Armor: Skin              ||     4
Dodge: Dodged            ||    39
